AoeStats
← Calculo21

Arabia

504568984Analyzed
1v1 RM · 26d ago on Sep 5, 2026· 44m 6s· 2 players
Game mode
Random Map
Map size
Tiny (2 player)
Population
200
Speed
Normal
Resources
Standard
Victory
Conquest
Starting age
Dark Age
Ending age
Imperial Age
RankedLock teamsTeams togetherTeam positionsShared explorationLock speedFull tech treeHidden civsTurbo modeCheats
Victory
Defeat
🇨🇿 Byzantines · Czechia
686
+18
🇨🇴 Franks · Colombia
737
-44
Puck
0:34 Loom
13:32 Feudal Age
14:45 Double-Bit Axe
14:43 Horse Collar
15:22 Man-at-Arms
22:19 Wheelbarrow
26:56 Castle Age
25:24 Forging
25:15 Scale Mail Armor
26:35 Padded Archer Armor
28:08 Bow Saw
28:41 Heavy Plow
32:10 Imperial Age
29:43 Fletching
30:00 Pikeman
31:34 Elite Skirmisher
34:59 Two-Man Saw
35:44 Squires
35:05 Long Swordsman
38:54 Conscription
39:27 Iron Casting
39:07 Chain Mail Armor
39:09 Leather Archer Armor
42:55 Husbandry
42:16 Cavalier
Calculo21
3:52 Loom
12:05 Feudal Age
12:39 Double-Bit Axe
23:53 Scale Barding Armor
25:53 Castle Age
24:52 Forging
26:40 Husbandry
29:44 Chain Barding Armor
30:22 Squires
29:43 Pikeman
33:24 Gold Mining
35:58 Gold Shaft Mining
35:31 Murder Holes
35:47 Fortified Wall
35:58 Ballistics
37:21 Stone Mining
39:32 Wheelbarrow
42:52 Imperial Age
43:33 Hand Cart
42:55 Halberdier
Connection lost

Rejoining the realm…

Still unreachable

The connection could not be restored.

Session expired

The server has moved on; the page needs a fresh start.